 Dungeon Crawl Stone Soup version 0.29-a0-923-g6e406bff71 (webtiles) character file.

Game seed: 7434448170711018921

6871 Elmgren the Cleaver (level 10, -3/77 HPs)
             Began as a Minotaur Berserker on July 28, 2022.
             Was an Elder of Trog.
             Slain by a troll (10 damage)
             ... on level 10 of the Dungeon.
             The game lasted 00:29:39 (16003 turns).

Elmgren the Cleaver (Minotaur Berserker)           Turns: 16003, Time: 00:29:40

Health: -3/77      AC: 14    Str: 26    XL:     10   Next: 78%
Magic:  9/9        EV: 12    Int:  4    God:    Trog [****..]
Gold:   476        SH:  0    Dex: 10    Spells: 9/9 levels left

rFire   . . .      SeeInvis .   t - +1 war axe (elec)
rCold   + . .      Faith    .   (no shield)
rNeg    . . .      Spirit   .   d - +1 chain mail
rPois   .          Reflect  .   (helmet restricted)
rElec   .          Harm     .   c - scarf {+Inv}
rCorr   .          Rampage  .   (no gloves)
Will    .....                   w - +0 pair of boots
Stlth   ..........              (no amulet)
HPRegen 0.22/turn               m - ring of protection from cold
MPRegen 0.11/turn               (no ring)

@: studying Shields
A: horns 2, retaliatory headbutt
a: Renounce Religion, Evoke Invisibility, Berserk, Trog's Hand, Brothers in Arms


You were on level 10 of the Dungeon.
You worshipped Trog.
Trog was greatly pleased with you.
You visited 1 branch of the dungeon, and saw 10 of its levels.

You collected 476 gold pieces.

Inventory:

Hand Weapons
 r - a +4 vorpal flail
 s - a +4 hand axe of freezing
 t - a +1 war axe of electrocution (weapon)
Armour
 c - a scarf of invisibility (worn)
 d - a +1 chain mail (worn)
 w - a +0 pair of boots (worn)
Jewellery
 a - a +6 ring of dexterity
 m - a ring of protection from cold (left hand)
Wands
 p - a wand of roots (8)
 v - a wand of paralysis (15)
 y - a wand of digging (7)
Scrolls
 f - a scroll of silence
 k - a scroll of magic mapping
 n - 2 scrolls of blinking
 A - 2 scrolls of identify
Potions
 b - 6 potions of mutation
 e - 4 potions of ambrosia
 g - 6 potions of attraction
 h - 4 potions of curing
 i - 2 potions of haste
 j - a potion of cancellation
 l - 2 potions of resistance
 o - 2 potions of brilliance
 u - a potion of degeneration {unknown}
 x - a potion of magic
 z - a potion of might


   Skills:
 - Level 3.6 Fighting
 + Level 12.2 Axes
 + Level 11.2 Armour
 + Level 11.0 Dodging


You had 9 spell levels left.
You didn't know any spells.
Your spell library was empty.

Dungeon Overview and Level Annotations

Branches:
Dungeon (10/15)            Temple (0/1) D:4
   Lair: D:8-11         Orc: D:9-12

Altars:
Makhleb
Uskayaw
Yredelemnul

Shops:
D:4 [[(


Innate Abilities, Weirdness & Mutations

You have a pair of horns on your head.
You reflexively headbutt those who attack you in melee.


Message History

The yak is moderately wounded.
The yak barely misses you.
You slash the yak!
The yak is heavily wounded.
The yak gores you.
A five-headed hydra comes into view.
You hit the yak but do no damage. Lightning courses through the yak!
The yak is severely wounded.
The yak gores you!
You hit the yak.
The yak is almost dead.
The yak gores you but does no damage.
You slash the yak!
You kill the yak!
Trog accepts your kill.
Your Dodging skill increases to level 11!
An efreet comes into view.
It is wielding a +1 scimitar of flaming.
The orc warrior misses you. The troll misses you. The troll barely misses you.
The troll claws you but does no damage.
You see here a wyvern corpse.
The troll attacks as you move away! The troll bites you.
The troll claws you but does no damage. x2
The orc priest invokes the aid of Beogh against you.
Beogh smites you!
You barely miss the troll. The troll bites you!
The troll claws you but does no damage. The troll claws you.
The troll attacks as you move away! The troll bites you!
The troll claws you. x2
* * * LOW HITPOINT WARNING * * *
The troll attacks as you move away! The troll barely misses you.
You furiously retaliate!
You headbutt the troll. The troll claws you.
* * * LOW HITPOINT WARNING * * *
The troll claws you!
* * * LOW HITPOINT WARNING * * *
You feel better. The troll misses you. You furiously retaliate!
You headbutt the troll! The troll claws you.
* * * LOW HITPOINT WARNING * * *
The troll claws you.
* * * LOW HITPOINT WARNING * * *
The troll attacks as you move away! The troll bites you!
You die...

..............#
#...............
#...............
#...............
#..............#
#.......>......#
#.........<...#
#.......@.....#
#......T<....##
#.....o....###
#....O...###
#......###
##..o.###
#...###o#.#.
#.##†oOD.R○°
#...###o#.#.


You could see a two-headed ogre, a troll, an orc warrior and an orc priest.

Vanquished Creatures
  A two-headed ogre (D:8)
  Maggie (D:8)
  A wyvern (D:10)
  4 wraiths
  12 yaks
  An acid dragon (D:8)
  Duvessa (D:7)
  4 sky beasts
  2 orc warriors
  A black bear (D:5)
  3 ogres
  A centaur (D:7)
  2 phantoms (D:6)
  A kobold brigand (D:8)
  2 bullfrogs (D:7)
  A necrophage (D:6)
  7 scorpions
  5 wights (D:7)
  Dowan (D:7)
  6 killer bees (D:7)
  2 hounds
  2 jellies
  2 orc priests
  A gnoll bouda (D:5)
  Natasha (thrice) (D:4)
  6 iguanas
  11 orc wizards
  15 gnolls
  7 adders
  2 shadow imps
  2 white imps
  3 adder zombies (D:3)
  3 worms
  A dart slug (D:3)
  26 orcs
  6 ball pythons
  12 bats
  7 endoplasms
  A giant cockroach (D:3)
  11 goblins
  5 hobgoblins
  3 quokkas
  4 frilled lizards
  11 kobolds
  7 rats
  3 bushes (D:8)
213 creatures vanquished.

Notes
Turn   | Place    | Note
-------+----------+-------------------------------------------
     0 | D:1      | Elmgren the Minotaur Berserker began the quest for the Orb.
     0 | D:1      | Reached XP level 1. HP: 19/19 MP: 0/0
   347 | D:1      | Reached skill level 4 in Axes
   480 | D:1      | Reached XP level 2. HP: 26/26 MP: 1/1
  1400 | D:2      | Noticed Natasha
  1423 | D:2      | Reached XP level 3. HP: 29/31 MP: 2/2
  1747 | D:2      | Found a burning altar of Makhleb.
  1970 | D:3      | Reached skill level 5 in Axes
  1970 | D:3      | Reached XP level 4. HP: 39/39 MP: 3/3
  2501 | D:3      | Reached ** piety under Trog
  2573 | D:3      | Found a basalt altar of Yredelemnul.
  2577 | D:3      | Reached XP level 5. HP: 45/45 MP: 4/4
  2990 | D:3      | Found a burning altar of Makhleb.
  3014 | D:3      | Noticed a cacodemon
  3394 | D:4      | Found Pemuluh's Antique Armour Shoppe.
  3405 | D:4      | Found Yczoaz's Armour Shoppe.
  3417 | D:4      | Killed Natasha
  3630 | D:4      | Found Limileme's Antique Weapon Emporium.
  3710 | D:4      | Reached skill level 6 in Axes
  3951 | D:4      | Noticed Natasha
  3957 | D:4      | Killed Natasha
  4077 | D:4      | Reached skill level 5 in Dodging
  4077 | D:4      | Reached XP level 6. HP: 51/51 MP: 5/5
  4359 | D:4      | Noticed Natasha
  4365 | D:4      | Killed Natasha
  4567 | D:4      | Found a staircase to the Ecumenical Temple.
  4806 | D:4      | Identified the +2 robe of Kotejen {rPois Int-2 Dex+3}
  5183 | D:4      | Reached XP level 7. HP: 57/57 MP: 6/6
  5687 | D:5      | Entered Level 5 of the Dungeon
  5909 | D:5      | Reached skill level 7 in Axes
  5935 | D:4      | Reached skill level 5 in Armour
  6622 | D:5      | Reached *** piety under Trog
  6897 | D:5      | Noticed a wraith
  6925 | D:5      | Reached XP level 8. HP: 6/64 MP: 7/7
  7323 | D:5      | Reached skill level 8 in Axes
  8800 | D:6      | Reached skill level 9 in Axes
  9095 | D:6      | Reached XP level 9. HP: 67/70 MP: 8/8
 10185 | D:7      | Found a flagged portal.
 10459 | D:7      | Reached skill level 10 in Axes
 10864 | D:7      | Noticed Dowan
 10865 | D:7      | Noticed Duvessa
 10880 | D:7      | Killed Duvessa
 10889 | D:7      | Killed Dowan
 12144 | D:8      | Reached **** piety under Trog
 12476 | D:8      | Noticed a two-headed ogre
 12516 | D:8      | Killed a two-headed ogre
 12517 | D:8      | Reached XP level 10. HP: 77/77 MP: 9/9
 12682 | D:8      | Noticed Maggie
 12700 | D:8      | Killed Maggie
 12701 | D:8      | Reached skill level 11 in Axes
 13317 | D:8      | Reached skill level 10 in Armour
 13317 | D:8      | Reached skill level 10 in Dodging
 14463 | D:9      | Reached skill level 12 in Axes
 15119 | D:9      | Found a hide-covered altar of Uskayaw.
 15973 | D:10     | Entered Level 10 of the Dungeon
 15986 | D:10     | Noticed a two-headed ogre
 15989 | D:10     | Noticed a five-headed hydra
 16003 | D:10     | Slain by a troll

Illustrated notes

Levels and vault maps discovered:
D:1:      dpeg_arrival_water_temple_mockup, layout_loops_ring
D:2:      layout_rooms, basic_altar, minmay_tree_intersection,
          nicolae_concentric_dashed_squares_wild, uniq_natasha
D:3:      layout_loops_ring, nicolae_yredelemnul_corpse_copse,
          makhleb_altar_promises_db
D:4:      layout_layer_cave, temple_hall_moat, serial_shops, nicolae_shop_stone,
          shop_fountains, shop
D:5:      layout_basic, minmay_manual_monstrance
D:6:      layout_basic, minmay_pentangle
D:7:      nicolae_cairo_tiling_very_big, layout_basic, enter_bailey_3,
          uniq_duvessa
D:8:      layout_loops_ring, chequers_big_river, minmay_hedge_maze, uniq_maggie
D:9:      layout_basic, marbit_many_paths
D:10:     minmay_the_grid_four_pointed_star
          [minmay_the_grid_triangle_9x9_skeleton,
          minmay_the_grid_triangle_9x9_flanged_cone,
          minmay_the_grid_triangle_9x9_zippers_horizontal,
          minmay_the_grid_triangle_9x9_subtriangle,
          minmay_the_grid_prize_trominoes], layout_long_grid, serial_shops, shop

Skill      XL: |  1  2  3  4  5  6  7  8  9 10 |
---------------+-------------------------------+-----
Axes           | 4 5 6 7 9 10 12 | 12.2
Dodging        | 3 4 5 6 8 9 11 | 11.0
Armour         | 3 4 5 7 9 11 | 11.2
Fighting       | |  3.6

Action                   |  1- 3 |  4- 6 |  7- 9 | 10-12 || total
-------------------------+-------+-------+-------+-------++-------
Melee: Hand axe          |    83 |   120 |   100 |       ||   303
       Headbutt          |     8 |    17 |    41 |    28 ||    94
       Punch             |     1 |       |     5 |     2 ||     8
       Flail             |       |       |    48 |       ||    48
       War axe           |       |       |   142 |   108 ||   250
Invok: Berserk           |     1 |     1 |     6 |       ||     8
  Use: Scroll            |     4 |     3 |    15 |     4 ||    26
       Potion            |       |       |     1 |     1 ||     2
Armor: Animal skin       |     8 |       |       |       ||     8
       Chain mail        |    27 |    56 |   123 |    34 ||   240
Dodge: Dodged            |    49 |    65 |   129 |    49 ||   292

Table legend: (Time is in decaauts)
 A = Elapsed time spent in this place.
 B = Non-inter-level travel time spent in this place.
 C = Inter-level travel time spent in this place.
 D = Time resting spent in this place.
 E = Time spent auto-exploring this place.
 F = Levels seen in this place.
 G = Mean time per level.
                   A        B        C        D        E       F      G
               +--------+--------+--------+--------+--------+-----+--------+
         Total |  16105 |  15756 |    349 |   8121 |   6026 |  10 | 1610.5 |
       Dungeon |  16105 |  15756 |    349 |   8121 |   6026 |  10 | 1610.5 |
               +--------+--------+--------+--------+--------+-----+--------+

Top non-repeatable levels by time:
     D:4: 2611 daAuts
     D:6: 2288 daAuts
     D:9: 2184 daAuts
     D:7: 1954 daAuts
     D:5: 1948 daAuts
     D:8: 1687 daAuts
     D:3: 1465 daAuts
     D:1: 1366 daAuts
     D:2: 569 daAuts
    D:10: 28 daAuts
